 Dungeon Crawl Stone Soup version 0.28.0-43-g3370ac3207 (webtiles) character file.

Game seed: 9631766091752232814

23 Ablot the Grasshopper (level 2, -5/26 HPs)
             Began as a Gnoll Warper on Mar 7, 2022.
             Slain by Crazy Yiuf
             ... wielding a +2 quarterstaff of chaos
              (10 damage)
             ... on level 2 of the Dungeon.
             The game lasted 00:01:16 (1673 turns).

Ablot the Grasshopper (Gnoll Warper)                Turns: 1673, Time: 00:01:16

Health: -5/26      AC:  3    Str: 10    XL:     2   Next: 95%
Magic:  7/7        EV: 12    Int: 12    God:
Gold:   48         SH:  0    Dex: 11    Spells: 8/10 levels left

rFire   . . .      SeeInvis .   a - +0 spear
rCold   . . .      Faith    .   (no shield)
rNeg    + . .      Spirit   .   b - +0 leather armour
rPois   .          Reflect  .   (no helmet)
rElec   .          Harm     .   (no cloak)
rCorr   .          Rampage  .   (no gloves)
Will    .....                   (no boots)
Stlth   +.........              (no amulet)
HPRegen 0.08/turn               p - ring of positive energy
MPRegen 0.10/turn               (no ring)

@: no status effects
A: fangs 1, strong nose, distributed training
a: no special abilities


You were on level 2 of the Dungeon.
You visited 1 branch of the dungeon, and saw 2 of its levels.

You collected 48 gold pieces.

Inventory:

Hand Weapons
 a - a +0 spear (weapon)
Missiles
 d - 5 boomerangs of dispersal (quivered)
 k - 17 stones
 l - 23 arrows
Armour
 b - a +0 leather armour (worn)
 m - a +0 buckler
Jewellery
 p - a ring of positive energy (left hand)
Scrolls
 c - a scroll of blinking
 e - a scroll of amnesia {unknown}
 h - a scroll of enchant weapon {unknown}
 i - a scroll of vulnerability {unknown}
 j - a scroll of identify {unknown}
 n - a scroll of holy word {unknown}
 q - a scroll of magic mapping {unknown}
Potions
 f - a potion of flight {unknown}
 g - a potion of lignification {unknown}
 o - a potion of mutation {unknown}


   Skills:
 + Level 4.5 Fighting
 + Level 0.5 Short Blades
 + Level 0.5 Long Blades
 + Level 0.5 Axes
 + Level 0.5 Maces & Flails
 + Level 4.5 Polearms
 + Level 0.5 Staves
 + Level 0.5 Slings
 + Level 0.5 Bows
 + Level 0.5 Crossbows
 + Level 2.5 Throwing
 + Level 2.5 Armour
 + Level 4.5 Dodging
 + Level 0.5 Stealth
 + Level 0.5 Shields
 + Level 0.5 Unarmed Combat
 + Level 4.9 Spellcasting
 + Level 0.4 Conjurations
 + Level 0.4 Hexes
 + Level 0.4 Summonings
 + Level 0.4 Necromancy
 + Level 5.4 Translocations
 + Level 0.4 Transmutations
 + Level 0.4 Fire Magic
 + Level 0.4 Ice Magic
 + Level 0.4 Air Magic
 + Level 0.4 Earth Magic
 + Level 0.4 Poison Magic
 + Level 0.7 Invocations
 + Level 0.5 Evocations


You had 8 spell levels left.
You knew the following spells:

 Your Spells              Type           Power      Damage    Failure   Level
a - Blink                 Tloc           30%        N/A       4%          2

Your spell library contained the following spells:

 Spells                   Type           Power      Damage    Failure   Level
 Gell's Gravitas          Tloc           15%        N/A       9%          3
 Lesser Beckoning         Tloc           15%        N/A       9%          3
 Teleport Other           Tloc           15%        N/A       9%          3
 Magic Dart               Conj           12%        1d3       22%         1
 Searing Ray              Conj           6%         2d4       34%         2
 Manifold Assault         Tloc           15%        N/A       63%         5
 Fulminant Prism          Conj/Hex       1%         3d6       92%         4


Dungeon Overview and Level Annotations

Branches:
Dungeon (2/15)

Altars:

Shops:
D:2 [

Annotations:
D:2 Crazy Yiuf


Innate Abilities, Weirdness & Mutations

You have very sharp teeth.
Your uncanny sense of smell can sniff out nearby items.
Your experience applies equally to all skills.


Message History

A goblin comes into view. It is wielding a +0 dagger.
The goblin shouts!
You reach to attack!
You hit the goblin.
You kill the goblin!
You now have 38 gold pieces (gained 16).
n - a scroll labelled WIR ANAULLI
o - a glowing grey potion You open the door.
There is an open door here.
p - a ring of positive energy
Found a stone staircase leading down.
p - a ring of positive energy (left hand)
There is a stone staircase leading down here.
You now have 48 gold pieces (gained 10).
q - a scroll labelled IDDAZU NIGUEDGH
Found a robe.
You pick up a book of Conjurations and begin reading...
You add the spells Magic Dart, Searing Ray and Fulminant Prism to your library.
As you open the door, it creaks loudly!
There is an open door here.
There is an open door here.
You see here a +0 robe.
Found a stone staircase leading up.
Found a mace.
Found a runed translucent door.
Okay, then.
Crazy Yiuf shouts!
Crazy Yiuf waves his quarterstaff at you.
You open the door. You hit Crazy Yiuf but do no damage.
Crazy Yiuf sings, "Trees, trees, trees, circus!"
Crazy Yiuf hits you with a +2 quarterstaff of chaos!
Crazy Yiuf freezes you.
You hit Crazy Yiuf but do no damage. You hit Crazy Yiuf but do no damage.
Crazy Yiuf hits you with a +2 quarterstaff of chaos!
* * * LOW HITPOINT WARNING * * *
You hit Crazy Yiuf.
Crazy Yiuf is lightly wounded.
Crazy Yiuf hits you with a +2 quarterstaff of chaos!
You die...

#.# #.# #.####### #.......##
#..####..# ##### ......#.## ..##
....#....# ### ♣♣#### #.##
...####.## #)..#♣♣ ♣♣..+.## #.##
#..# #.## #...g@♣♣♣♣......###...
#..####..# #...#♣..♣.............
#.......## ### ♣♣♣.♣...+..###...
#+####### ♣♣♣♣♣##..# #.## ...##
##.###.## ....## ####### ###
#......## .....## #...#.####.#
##..#####.
......###.......##.#####....<....
......'........#.................


You could see Crazy Yiuf.

Vanquished Creatures
  6 endoplasms
  4 goblins
  A hobgoblin (D:1)
  A quokka (D:2)
  3 ball pythons (D:1)
  5 rats
20 creatures vanquished.

Notes
Turn   | Place    | Note
-------+----------+-------------------------------------------
     0 | D:1      | Ablot the Gnoll Warper began the quest for the Orb.
     0 | D:1      | Reached XP level 1. HP: 20/20 MP: 6/6
   153 | D:1      | Found a faded altar of an unknown god.
   236 | D:1      | Reached XP level 2. HP: 26/26 MP: 7/7
   239 | D:1      | Learned a level 2 spell: Blink
   938 | D:2      | Found Wulocan's Armour Emporium.
  1665 | D:2      | Found a runed translucent door.
  1666 | D:2      | Noticed Crazy Yiuf
  1673 | D:2      | Slain by Crazy Yiuf

Illustrated notes

Levels and vault maps discovered:
D:1:      elethiomel_arrival_maze, layout_basic,
          shapermc_ecumenical_altar_flowoftime, minmay_misc_feat_cross,
          chequers_serial_rivers_small_b
D:2:      layout_loops_corners, serial_shops, nicolae_square_shop,
          uniq_crazy_yiuf_cottage

Action                   || total
-------------------------++-------
Melee: Spear             ||    56
       Bite              ||     5
Armor: Leather armour    ||     4
Dodge: Dodged            ||    11
